[Event "*** Titled Tuesday Blitz"]
[Site "Chess.com"]
[Date "2020.10.20"]
[Round "8"]
[White "AsaHoffmann"]
[Black "Deepweb2020"]
[Result "1-0"]
[WhiteElo "2374"]
[BlackElo "2215"]
[TimeControl "180+1"]
[EndTime "11:36:29 PDT"]
[Termination "AsaHoffmann won by resignation"]

1. d4 Nf6 2. Bg5 d5 3. Nd2 c5 4.
e3 e6 5. c3 Be7 6. f4 Nc6 7. Bd3 h6 8. Bh4 Nd7 9. Bxe7 Qxe7 10.
Ngf3 O-O 11. O-O f6 12. Nh4 Re8 13. Qg4 Nf8 14. Ndf3 e5 15. Bf5 e4 16. Nd2 cxd4 17.
cxd4 Bxf5 18. Nxf5 Qd7 19. Nxh6+ Kh7 20. Qxd7 Nxd7 21. Nf5 Re6 22. a3 g6 23. Ng3 f5 24.
Rac1 Nf6 25. h3 Nd7 26. Nb3 Kg7 27. Nc5 Nxc5 28. Rxc5 a5 29. Rxd5 a4 30. Rc1 Kf6 31. Rd7 Na5 32. d5 Rb6 33. Rc2 Rb3 34. Kf2 Ra6 35. Ne2 Rab6 36. Nd4 Rxb2 37. Rxb2 Rxb2+ 38. Kf1 Nc4 39. g4 Nxe3+ 40. Kg1 fxg4 41. hxg4 Nxg4 42.
Rd6+ Kf7 43. Rd7+ Kf6 44. Rd6+ Kg7 45. Ne6+ Kh6 46. Ng5 Kh5 47. Nxe4 Re2 48. Ng3+ 1-0

[Event "*** Titled Tuesday Blitz"]
[Site "Chess.com"]
[Date "2020.10.20"]
[Round "8"]
[White "night_player"]
[Black "Tenamu"]
[Result "0-1"]
[WhiteElo "2274"]
[BlackElo "2414"]
[TimeControl "180+1"]
[EndTime "11:36:31 PDT"]
[Termination "Tenamu won by checkmate"]

1. e4 e6 2. d4 d5 3. Nd2 Nf6 4. e5 Nfd7 5. f4 c5 6. c3 Nc6 7.
Ndf3 Qb6 8. b3 cxd4 9. cxd4 Bb4+ 10. Kf2 f6 11. exf6 Nxf6 12. g3 Bc3 13. Rb1 Nxd4 14.
Kg2 Nxf3 15. Nxf3 O-O 16. Bd3 Ng4 17. Qe2 e5 18. fxe5 Bf5 19. Bxf5 Rxf5 20. Bf4 Raf8 21. h3 Nxe5 22. Rhf1 Ng6 23. Bd2 Bxd2 24. Qxd2 Qa6 25. Rf2 Kh8 26. Rbf1 Qb6 27. Nd4 Rxf2+ 28. Rxf2 Re8 29. Nf5 Rf8 30. Qxd5 Ne7 31. Qe4 Rf7 32. Rf3 Ng8 33. h4 Qa5 34. a4 Qd2+ 35. Kh3 Qd1 36.
Rf2 Nf6 37. Qf3 Qd7 38. Kg2 Ng8 39. Qe3 Rxf5 40. Rxf5 Qxf5 41. Qf3 Qc2+ 42. Kh3 Qc6 43. Qf4 h6 44. h5 Nf6 45. Qf5 Qh1# 0-1

[Event "*** Titled Tuesday Blitz"]
[Site "Chess.com"]
[Date "2020.10.20"]
[Round "8"]
[White "nrvisakh"]
[Black "ViktoriyaTarasova"]
[Result "1-0"]
[WhiteElo "2699"]
[BlackElo "2269"]
[TimeControl "180+1"]
[EndTime "11:36:33 PDT"]
[Termination "nrvisakh won by resignation"]

1. e4 e5 2. Nf3 Nc6 3. Nc3 Nf6 4. Bb5 Bc5 5. O-O O-O 6. Bxc6 dxc6 7. Nxe5 Bd4 8. Nd3 Bxc3 9. dxc3 Nxe4 10. Re1 Re8 11. Qf3 Nd6 12. Bf4 Be6 13. Qg3 Bf5 14. Bxd6 Qxd6 15.
Qxd6 cxd6 16. f3 Kf8 17. Kf2 Rxe1 18. Rxe1 Re8 19. Rd1 Ke7 20. c4 Rd8 21. Rd2 Bxd3 22. Rxd3 b6 23. h4 Kd7 24. a3 Kc7 25. Rd4 Re8 26.
Rf4 Re7 27. h5 h6 28. Rg4 f6 29. Rd4 a5 30. Kg3 Re2 31. Rg4 Re7 32. Kf4 b5 33. cxb5 cxb5 34. Kf5 Kc6 35. Kg6 Re2 36. Kxg7 Rxc2 37. Kxh6 Rxb2 38. Kg7 Rb1 39. Rh4 b4 40. axb4 axb4 41. h6 b3 42. h7 1-0

[Event "*** Titled Tuesday Blitz"]
[Site "Chess.com"]
[Date "2020.10.20"]
[Round "8"]
[White "AndrewDGreen"]
[Black "VladaSviridova"]
[Result "1-0"]
[WhiteElo "2401"]
[BlackElo "2252"]
[TimeControl "180+1"]
[EndTime "11:36:34 PDT"]
[Termination "AndrewDGreen won by resignation"]

1. d4 d5 2. Bf4 Nf6 3. e3 c5 4. Nc3 cxd4 5. exd4 a6 6. Nf3 Nc6 7. Ne5 Bf5 8. g4 Bg6 9. h4 Qb6 10. Nxc6 bxc6 11. Na4 Qa5+ 12. c3 h5 13. g5 Ne4 14.
b4 Qd8 15. Bd3 e6 16. f3 Nd6 17. Bxg6 fxg6 18. Qd3 Nf5 19. Kf2 Kf7 20. Rae1 Bd6 21.
Qd2 Qc7 22. Be5 Bxe5 23. Rxe5 a5 24. Nc5 Rhe8 25. a3 axb4 26. axb4 Re7 27. Rhe1 Rae8 28. Qf4 Qd6 29. Rxf5+ exf5 30. Qxd6 Rxe1 31. Qd7+ R8e7 32.
Qxc6 R7e2+ 33. Kg3 Rg1+ 34. Kf4 Rh1 35. Qxd5+ Kf8 36. Ne6+ Ke7 37. Qd8+ Kxe6 38. Qe8+ Kd5 39. Qxe2 Rxh4+ 40. Kg3 Rh1 41. Qe5+ Kc4 42. d5 h4+ 43. Kg2 Rd1 44. d6 h3+ 45. Kxh3 Rd3 46. Qd4+ Rxd4 47. cxd4 Kxd4 48. d7 Ke3 49. d8=Q Kxf3 50. b5 1-0

[Event "*** Titled Tuesday Blitz"]
[Site "Chess.com"]
[Date "2020.10.20"]
[Round "8"]
[White "boasovietica"]
[Black "SamuelGhimpu2003"]
[Result "0-1"]
[WhiteElo "2392"]
[BlackElo "2574"]
[TimeControl "180+1"]
[EndTime "11:36:37 PDT"]
[Termination "SamuelGhimpu2003 won on time"]

1. e4 e6 2. b3 d5 3. Bb2 Nf6 4. exd5 exd5 5. d4 Bd6 6. Bd3 O-O 7. h3 Nc6 8. a3 Ne4 9. Nf3 Bf5 10. O-O Re8 11. Re1 Qf6 12. c4 Ng5 13. Rxe8+ Rxe8 14. Nxg5 Bxd3 15. Nc3 dxc4 16. bxc4 Bxc4 17. Nge4 Qxd4 18.
Qg4 h5 19. Qxh5 Rxe4 20. Nxe4 Qxe4 21. Qg5 Ne5 22. Rd1 f6 23. Qh5 Be2 24. Qe8+ Kh7 25.
Re1 Qc2 0-1

[Event "*** Titled Tuesday Blitz"]
[Site "Chess.com"]
[Date "2020.10.20"]
[Round "8"]
[White "crazy_but_lazy"]
[Black "pavelalexandru07"]
[Result "0-1"]
[WhiteElo "2454"]
[BlackElo "2305"]
[TimeControl "180+1"]
[EndTime "11:36:37 PDT"]
[Termination "pavelalexandru07 won by resignation"]

1. d4 Nf6 2. c4 c5 3. d5 e6 4. Nc3 exd5 5. cxd5 d6 6. Nf3 g6 7. Bf4 Bg7 8. Qa4+ Bd7 9. Qb3 b5 10. Nxb5 Qa5+ 11. Nc3 Nxd5 12. Qxd5 Bxc3+ 13. Bd2 Bxd2+ 14. Qxd2 Qxd2+ 15. Nxd2 Be6 16. g3 Nd7 17.
Bg2 Rb8 18. b3 Ke7 19. O-O a5 20. Rfd1 Nb6 21. Ne4 Rhd8 22. Rac1 a4 23. bxa4 Nxa4 24. Rd2 f5 25. Nc3 Nxc3 26. Rxc3 Rb1+ 27. Bf1 Ra8 28. f3 Rxa2 29. Rxa2 Bxa2 30. Ra3 Bc4 31. Kf2 Kf6 32.
Ra7 h5 33. f4 Bb5 34. Rb7 c4 35.
e3 c3 36. Bxb5 c2 37. Bc4 Rxb7 38. g4 hxg4 0-1

[Event "*** Titled Tuesday Blitz"]
[Site "Chess.com"]
[Date "2020.10.20"]
[Round "8"]
[White "Alexander_Zubov"]
[Black "WIDBIFS"]
[Result "0-1"]
[WhiteElo "2918"]
[BlackElo "2780"]
[TimeControl "180+1"]
[EndTime "11:36:38 PDT"]
[Termination "WIDBIFS won by resignation"]

1. d4 Nf6 2. c4 g6 3. Nc3 Bg7 4.
e4 O-O 5. Nf3 d6 6. Be2 Bg4 7.
Be3 Nfd7 8. Ng1 Bxe2 9. Ngxe2 c5 10. d5 a6 11. a4 Ne5 12. b3 Qa5 13. Rc1 b5 14. axb5 axb5 15. cxb5 Nbd7 16. O-O Nb6 17. Qc2 Qb4 18. Rb1 Ra3 19. Bd2 Rfa8 20. Na4 Qxb5 21.
Bc1 Rxb3 22. Nac3 Rxb1 23. Nxb5 Rxb5 24. Bd2 Rb2 25. Qc1 Raa2 26. Nc3 Nd3 27. Qd1 Rxd2 28. Qf3 Bxc3 29. h4 Bd4 30. Kh2 h5 31. Rd1 Rxd1 32.
Qxd1 Nxf2 33. Qb3 Ng4+ 34. Kh3 Rb2 35. Qa3 Nc4 36. Qa8+ Kg7 37. Qe8 Rb3+ 38. g3 Rb2 0-1

[Event "*** Titled Tuesday Blitz"]
[Site "Chess.com"]
[Date "2020.10.20"]
[Round "8"]
[White "ThePatrick27"]
[Black "TheBigBoss04"]
[Result "0-1"]
[WhiteElo "2561"]
[BlackElo "2741"]
[TimeControl "180+1"]
[EndTime "11:36:40 PDT"]
[Termination "TheBigBoss04 won on time"]

1. d4 Nf6 2. Nf3 g6 3. c4 Bg7 4. Nc3 O-O 5. e4 d6 6. Be2 a6 7. O-O c6 8. Be3 Nbd7 9. h3 Qc7 10. Rc1 e5 11. d5 c5 12. Ne1 Rb8 13. Nd3 b5 14.
cxb5 axb5 15. b4 c4 16. Ne1 Qd8 17. a4 bxa4 18. Qxa4 Nb6 19. Bxb6 Qxb6 20. Nc2 Bd7 21. Qa2 Rfc8 22. Ra1 Bh6 23. Rfd1 Bf4 24. Qa7 Qd8 25. Qa5 Qe7 26. Ne1 h5 27. Bf1 h4 28. Nf3 Nh5 29. Ne2 c3 30. Nxf4 Nxf4 31. b5 Qf6 32. Ne1 Qg5 33. Kh1 Bxb5 34. Bxb5 c2 35. Rdc1 Rc5 36.
Qa6 Rcxb5 37. Rxc2 Rb1 38. Rc1 Rxc1 39. Rxc1 Nxg2 40.
Rc8+ Kg7 41. Rxb8 Nxe1 0-1

[Event "*** Titled Tuesday Blitz"]
[Site "Chess.com"]
[Date "2020.10.20"]
[Round "8"]
[White "ciucas1892"]
[Black "MatyChess1"]
[Result "0-1"]
[WhiteElo "2362"]
[BlackElo "2553"]
[TimeControl "180+1"]
[EndTime "11:36:40 PDT"]
[Termination "MatyChess1 won by checkmate"]

1. d4 Nf6 2. Nf3 e6 3. c4 d5 4. Nc3 Bb4 5. Qa4+ Nc6 6. e3 O-O 7. Bd3 a6 8. c5 Bd7 9. O-O b6 10. cxb6 cxb6 11. a3 Bxc3 12. bxc3 Ne5 13. Qd1 Nxd3 14.
Qxd3 Bb5 15. Qd1 Bxf1 16. Qxf1 Qc7 17. Bd2 Ne4 18. Be1 Rfc8 19. Ne5 Nxc3 20. f3 Nb5 21. Bg3 Qc3 22. a4 Nd6 23. Rb1 b5 24. axb5 axb5 25. Bf4 b4 26. h4 b3 27. Qf2 Nf5 28. e4 Ra2 29. Qf1 dxe4 30. fxe4 Qxd4+ 31. Kh2 Nxh4 32. Bg3 Rxg2+ 33. Kh3 Rxg3+ 34. Kxg3 Qxe5+ 35. Kxh4 Qxe4+ 36. Kg3 Rc3+ 37. Kh2 Qh4+ 38. Kg2 Qg3+ 39. Kh1 Rc2 40. Rd1 Qh2# 0-1

[Event "*** Titled Tuesday Blitz"]
[Site "Chess.com"]
[Date "2020.10.20"]
[Round "8"]
[White "aloe_normansen"]
[Black "zajka-molotok"]
[Result "1-0"]
[WhiteElo "2368"]
[BlackElo "2482"]
[TimeControl "180+1"]
[EndTime "11:36:40 PDT"]
[Termination "aloe_normansen won by resignation"]

1. e4 Nc6 2. Nf3 d6 3. d4 Bg4 4. Be2 e5 5. d5 Nce7 6. h3 Bd7 7. c4 Nf6 8. Nc3 Ng6 9. O-O Be7 10.
Be3 O-O 11. Nd2 Nf4 12. Bxf4 exf4 13. Bd3 Ne8 14. Qf3 Bg5 15. Rfe1 Qf6 16. c5 Qh6 17. e5 dxe5 18. Rxe5 Nf6 19. Nde4 Bh4 20. Nxf6+ Bxf6 21. Rh5 Bxc3 22. Rxh6 Bxb2 23. Rxh7 g6 24. Rb1 Kxh7 25. Rxb2 b6 26. c6 Be8 27. Qxf4 Rc8 28. Re2 Kg7 29.
Re7 Rd8 30. Qe5+ Kg8 31. Qg5 Rd6 32. Qe5 Bxc6 33. dxc6 Rxd3 34. Re8 Rd6 35. Qe7 Rxe8 36. Qxe8+ Kg7 37. Qd7 Kf6 38. Qxd6+ cxd6 39. c7 1-0

[Event "*** Titled Tuesday Blitz"]
[Site "Chess.com"]
[Date "2020.10.20"]
[Round "8"]
[White "TheMagnet"]
[Black "mr_gustavo"]
[Result "1-0"]
[WhiteElo "2587"]
[BlackElo "2425"]
[TimeControl "180+1"]
[EndTime "11:36:41 PDT"]
[Termination "TheMagnet won on time"]

1. d4 Nf6 2. c4 e6 3. Nc3 Bb4 4. f3 d5 5. a3 Bxc3+ 6. bxc3 O-O 7. cxd5 Nxd5 8. e4 Nxc3 9. Qb3 Qxd4 10. Bb2 Qe3+ 11.
Be2 Nd5 12. Qxe3 Nxe3 13. Kf2 Nd5 14. exd5 exd5 15. Rc1 c6 16. Bd3 Nd7 17. Ne2 Nf6 18. Bxf6 gxf6 19. Nd4 Bd7 20. Bf5 Bxf5 21. Nxf5 Rfd8 22.
Rhe1 Re8 23. Nd6 Rxe1 24. Rxe1 b6 25. Re7 c5 26. Nxf7 c4 27. Rc7 b5 28. Nh6+ Kh8 29.
Ng4 Rf8 30. Ke3 h5 31. Nh6 Re8+ 32. Kd4 Re2 33. Kxd5 Rxg2 34. Ke6 Rg6 35. Nf5 a5 36. h4 Rg2 37. Kxf6 1-0

[Event "*** Titled Tuesday Blitz"]
[Site "Chess.com"]
[Date "2020.10.20"]
[Round "8"]
[White "chessmadara"]
[Black "Grieve72"]
[Result "1-0"]
[WhiteElo "2202"]
[BlackElo "2428"]
[TimeControl "180+1"]
[EndTime "11:36:43 PDT"]
[Termination "chessmadara won by checkmate"]

1. e4 c5 2. Nf3 e6 3. d4 cxd4 4. Nxd4 Nc6 5. Nc3 Qc7 6. Be2 a6 7. O-O Nf6 8. Be3 Bb4 9. Na4 Be7 10. Nxc6 bxc6 11. Nb6 Rb8 12. Nxc8 Qxc8 13. e5 Nd5 14. Bc1 O-O 15. c4 Nc7 16. Bd3 f5 17. exf6 Bxf6 18. Rb1 d5 19. cxd5 cxd5 20. b3 e5 21.
Ba3 Re8 22. Rc1 Qd7 23. Qh5 g6 24. Qf3 Bg5 25. Rc2 e4 26. Qg3 Ne6 27. Be2 d4 28.
Bc4 Bf6 29. Bxe6+ Qxe6 30. Rfc1 d3 31. Rc7 Be5 32. Qh4 Bxc7 33. Rxc7 h5 34. Bb2 Rbd8 35.
Rg7+ Kf8 36. Qf4+ Qf5 37. Qh6 Qf7 38. Ba3+ Re7 39. Qh8+ Qg8 40. Qxg8# 1-0

[Event "*** Titled Tuesday Blitz"]
[Site "Chess.com"]
[Date "2020.10.20"]
[Round "8"]
[White "UmbertoConcelli"]
[Black "harvsp123"]
[Result "1-0"]
[WhiteElo "2722"]
[BlackElo "2480"]
[TimeControl "180+1"]
[EndTime "11:36:44 PDT"]
[Termination "UmbertoConcelli won by resignation"]

1. Nf3 g6 2. d4 Bg7 3. c4 d6 4. g3 Nf6 5. Bg2 O-O 6. Nc3 c5 7. d5 e6 8. O-O exd5 9. cxd5 Re8 10. Bf4 Bf5 11. Nb5 Bf8 12. Nd2 Nh5 13. Nc3 Nxf4 14. gxf4 Bh6 15. e3 b5 16. Nxb5 Bd3 17. Nc3 Bxf1 18. Bxf1 Nd7 19. a4 Qh4 20. Qf3 Nf6 21.
Qg3 Qh5 22. Bg2 Rab8 23. Nc4 Bf8 24. Qf3 Qxf3 25. Bxf3 Rb4 26. Be2 a6 27. a5 Ne4 28.
Na4 Nf6 29. Ncb6 Rxf4 30. Bxa6 Rg4+ 31. Kf1 Rh4 32. Bb5 Rd8 33. a6 Rxh2 34. Kg1 Rh4 35. a7 Rg4+ 36. Kf1 Rh4 37. Ke2 Ng4 38. Bd7 f5 39.
Bc8 Rh2 40. Rf1 Nf6 41. a8=Q Ne4 42. Be6+ Kh8 43. Qxd8 1-0

[Event "*** Titled Tuesday Blitz"]
[Site "Chess.com"]
[Date "2020.10.20"]
[Round "8"]
[White "Arfan48"]
[Black "Natalya_Buksa"]
[Result "1-0"]
[WhiteElo "2415"]
[BlackElo "2550"]
[TimeControl "180+1"]
[EndTime "11:36:44 PDT"]
[Termination "Arfan48 won by resignation"]

1. e4 c5 2. Nf3 Nc6 3. d4 cxd4 4. Nxd4 e5 5. Nb5 d6 6. N1c3 a6 7. Na3 b5 8. Nd5 Nf6 9. Bg5 Be7 10. Bxf6 Bxf6 11. c3 O-O 12. Nc2 g6 13. a4 Rb8 14.
axb5 axb5 15. Bd3 Bg7 16. O-O f5 17. Qe2 fxe4 18. Bxe4 Ne7 19. Nxe7+ Qxe7 20. Nb4 Qg5 21. f3 Kh8 22. Rfd1 Qf6 23. Qd2 Bb7 24. Qxd6 Qxd6 25.
Rxd6 Bxe4 26. fxe4 Bh6 27. Nd5 Rbd8 28. Rxd8 Rxd8 29.
Kf1 Rc8 30. Ke2 Bf8 31. Ra7 b4 32. Kd3 bxc3 33. bxc3 Bc5 34. Rc7 Rxc7 35. Nxc7 Bg1 36. h3 Kg7 37. Kc4 Kf6 38. Kd5 Kg5 39. Ne6+ Kh4 40. Nf8 Kg3 41. Nxh7 Kxg2 42. h4 Kg3 43. Nf8 Kxh4 44. Nxg6+ Kg5 45. Nxe5 Be3 46. Nf3+ Kf4 47. Nd4 Kg5 48. c4 Kf6 49. c5 Ke7 50. Nf5+ Kd7 51. Nxe3 1-0

[Event "*** Titled Tuesday Blitz"]
[Site "Chess.com"]
[Date "2020.10.20"]
[Round "8"]
[White "Matols"]
[Black "Makswolf200817"]
[Result "0-1"]
[WhiteElo "2266"]
[BlackElo "2453"]
[TimeControl "180+1"]
[EndTime "11:36:44 PDT"]
[Termination "Makswolf200817 won by resignation"]

1. d4 d5 2. c4 e6 3. Nf3 c6 4.
e3 Nf6 5. b3 Bb4+ 6. Bd2 Be7 7.
Bd3 O-O 8. O-O Ne4 9. Qc2 f5 10. Ne5 Nd7 11. f3 Nxe5 12. dxe5 Nxd2 13. Nxd2 Bc5 14.
Rfe1 Qg5 15. Nf1 f4 16. cxd5 Bb6 17. Bxh7+ Kh8 18. dxc6 fxe3 19. Kh1 Qxe5 20. Be4 bxc6 21. Rad1 Qg5 22. Qxc6 Ba6 23. Ng3 Rae8 24. Rd7 Qh4 25.
Qd6 e2 26. Qe5 Rf6 27. Qh5+ Qxh5 28. Nxh5 Rh6 29. Nxg7 Rc8 30. h3 Ba5 31. Nxe6 Bxe1 32. Ng5 Rf8 33. Nf7+ Rxf7 34. Rxf7 Bd2 0-1

[Event "*** Titled Tuesday Blitz"]
[Site "Chess.com"]
[Date "2020.10.20"]
[Round "8"]
[White "AryanTari"]
[Black "mishanick"]
[Result "0-1"]
[WhiteElo "2860"]
[BlackElo "2998"]
[TimeControl "180+1"]
[EndTime "11:36:45 PDT"]
[Termination "mishanick won on time"]

1. e4 c5 2. Nf3 d6 3. Bc4 Nf6 4.
Qe2 e6 5. Bb3 Be7 6. c3 b6 7.
O-O O-O 8. Re1 Ba6 9. d3 Nbd7 10.
Bf4 Ne5 11. Bxe5 dxe5 12. Nxe5 Bd6 13. Nc4 Bc7 14. Nbd2 Qd7 15. Nf3 Rad8 16. Rad1 b5 17. Ne3 Qc6 18. Bc2 b4 19. cxb4 cxb4 20. Bb3 Bb5 21. Bc4 Bb6 22. Rc1 a6 23. h3 Nd7 24.
Bxb5 Qxb5 25. d4 Nf6 26. e5 Nd5 27. Qxb5 axb5 28. Rc6 Ba7 29. g3 h6 30. Rec1 Rd7 31. Ra6 Ne7 32. Rd1 Rfd8 33. Nc2 Nd5 34. Nce1 Rc8 35. Nd3 Rc2 36. Nfe1 Rc4 37. Nf3 Bxd4 38. b3 Rc8 39. Nxd4 Nc3 40. Rc1 Rxd4 41. Nf4 Rxf4 0-1

[Event "*** Titled Tuesday Blitz"]
[Site "Chess.com"]
[Date "2020.10.20"]
[Round "8"]
[White "Xeniya2005"]
[Black "mshuaau0"]
[Result "1-0"]
[WhiteElo "2391"]
[BlackElo "2215"]
[TimeControl "180+1"]
[EndTime "11:36:46 PDT"]
[Termination "Xeniya2005 won by resignation"]

1. e4 e5 2. Nf3 Nc6 3. Nc3 Nf6 4. Bb5 Bb4 5. d3 d6 6. O-O Bxc3 7. bxc3 O-O 8. Bg5 Qe7 9. Re1 Nd8 10. d4 c6 11. Ba4 Bg4 12. h3 Bxf3 13. Qxf3 Ne6 14.
Be3 Nd7 15. Bb3 Kh8 16. Rad1 a5 17. a4 b5 18. Qg3 Rab8 19. f4 exf4 20. Bxf4 Nxf4 21.
Qxf4 b4 22. cxb4 Rxb4 23. Qf2 c5 24. Bd5 Rxa4 25. dxc5 dxc5 26. Ra1 Rxa1 27. Rxa1 Qd8 28. Qd2 Nf6 29. Qxa5 Nxd5 30. Qxd8 Rxd8 31. exd5 g6 32.
c4 Kg7 33. Ra6 Rb8 34. Rc6 Rb1+ 35. Kh2 h5 36. Rxc5 Kf6 37. Rc7 h4 38. d6 Ke6 39. c5 Rc1 40. d7 Ke7 41. c6 f5 42.
Rc8 Rd1 43. Re8+ Kf7 44. d8=Q 1-0

[Event "*** Titled Tuesday Blitz"]
[Site "Chess.com"]
[Date "2020.10.20"]
[Round "8"]
[White "Zmof"]
[Black "Playgood28"]
[Result "0-1"]
[WhiteElo "2164"]
[BlackElo "2284"]
[TimeControl "180+1"]
[EndTime "11:36:47 PDT"]
[Termination "Playgood28 won by checkmate"]

1. e4 e5 2. Bc4 d6 3. Nf3 Be7 4.
O-O Nf6 5. d3 O-O 6. Re1 c6 7.
Bb3 a5 8. c3 b5 9. a4 b4 10. Nbd2 Na6 11. d4 bxc3 12. bxc3 exd4 13. cxd4 Nb4 14. e5 dxe5 15. dxe5 Nfd5 16. Ne4 Bf5 17. Bb2 Rb8 18. Nd4 Bxe4 19. Rxe4 Qd7 20. Rc1 Rfd8 21. Ba1 Bf8 22. Qf3 Rb7 23. Nf5 Na6 24.
Bxd5 cxd5 25. Rg4 g6 26. Nd6 Rb4 27. Rxb4 Nxb4 28. Qf6 Be7 29. Qf4 Qe6 30. Bd4 Nd3 31.
Qe3 Nxc1 32. Qxc1 Bxd6 33. exd6 Rxd6 34. Qc7 Qe1# 0-1

[Event "*** Titled Tuesday Blitz"]
[Site "Chess.com"]
[Date "2020.10.20"]
[Round "8"]
[White "LyonBeast"]
[Black "Hikaru"]
[Result "1/2-1/2"]
[WhiteElo "3044"]
[BlackElo "3222"]
[TimeControl "180+1"]
[EndTime "11:36:48 PDT"]
[Termination "Game drawn by agreement"]

1. d4 Nf6 2. Bf4 d5 3. e3 c5 4. Nd2 cxd4 5. exd4 Qb6 6. Nb3 Bf5 7. Nf3 e6 8. a4 a6 9. a5 Qd8 10. Be2 Nc6 11. c3 Bd6 12. Bxd6 Qxd6 13. Nc5 Ne4 14. Nxe4 Bxe4 15. O-O Bxf3 16. Bxf3 O-O 17. Qb3 Qc7 18. Qa3 Na7 19. Be2 Nc8 20. Bd3 Nd6 21. Rae1 Rab8 22.
Re2 b5 23. axb6 Rxb6 24. Ra1 Rfb8 25. g3 g6 26. Kg2 Rb3 27. Qc5 Qd7 28. Rxa6 Ne4 29.
Bxe4 dxe4 30. Rxe4 Qb7 31. Qc6 Rxb2 32. Rf4 Rc2 33.
Qxb7 Rxb7 34. Rc6 g5 35. Rf3 Kg7 36. g4 h6 37. h3 Rd7 38. Rc5 Rb7 39. Kg3 Rc1 40.
Re3 Rb2 41. Kg2 Rb7 42. d5 exd5 43. Rxd5 Rc7 44. Rdd3 Rc6 45. Rf3 Rc7 46. h4 gxh4 47.
Rh3 Rc2 48. Rxh4 R2xc3 49. Rxc3 Rxc3 1/2-1/2

[Event "*** Titled Tuesday Blitz"]
[Site "Chess.com"]
[Date "2020.10.20"]
[Round "8"]
[White "ArjunErigaisi2003"]
[Black "Sibelephant"]
[Result "0-1"]
[WhiteElo "3042"]
[BlackElo "3106"]
[TimeControl "180+1"]
[EndTime "11:36:48 PDT"]
[Termination "Sibelephant won by resignation"]

1. Nf3 d5 2. d4 Bf5 3. Bf4 e6 4. e3 Bd6 5. Bg3 Nf6 6. c4 O-O 7. Nc3 c6 8. Bd3 Bg4 9. O-O Bxg3 10. hxg3 Nbd7 11. Qb3 Rb8 12. Rfe1 Re8 13. a3 a6 14. Rac1 dxc4 15. Bxc4 b5 16. Bf1 c5 17. dxc5 Nxc5 18.
Qb4 Bxf3 19. Qxc5 Ba8 20. Red1 Qc8 21. Qxc8 Rexc8 22. a4 b4 23. Ne2 Bc6 24. Nd4 Bxa4 25. Rxc8+ Rxc8 26. Ra1 Bd7 27. Rxa6 Kf8 28. Ra1 g6 29. Bb5 Bxb5 30. Nxb5 Rc2 31. b3 Ne4 32. f3 Nxg3 33. Ra4 Rc1+ 34. Kf2 Nh1+ 35. Ke2 h5 36. Rxb4 Rg1 37. g4 h4 38. g5 Rg2+ 39. Kf1 h3 40.
Rg4 Ng3+ 41. Ke1 h2 0-1

[Event "*** Titled Tuesday Blitz"]
[Site "Chess.com"]
[Date "2020.10.20"]
[Round "8"]
[White "vladgoncharov"]
[Black "MalyDominator"]
[Result "1-0"]
[WhiteElo "2504"]
[BlackElo "2369"]
[TimeControl "180+1"]
[EndTime "11:36:48 PDT"]
[Termination "vladgoncharov won by checkmate"]

1. d4 Nf6 2. c4 g6 3. Nc3 Bg7 4. e4 d6 5. Be2 O-O 6. Nf3 e5 7. O-O Nc6 8. d5 Ne7 9. Ne1 Nd7 10. Be3 f5 11. f3 Kh8 12. Rc1 f4 13. Bf2 g5 14. c5 Nxc5 15. b4 Na6 16. Nb5 Ng6 17. a3 Bd7 18. Qc2 h5 19. Nxa7 g4 20.
Nb5 g3 21. hxg3 fxg3 22. Bxg3 Qg5 23. Bh2 Bh6 24. Rb1 Nf4 25. Kh1 h4 26. Nc3 Nh5 27.
Nd1 Rg8 28. Bxa6 bxa6 29. Qxc7 Ng3+ 30. Kg1 Ne2+ 31. Kf2 Qd2 32. Rb2 Qd4+ 33. Kxe2 Bb5+ 34. Nd3 Bxd3+ 35. Ke1 Bxf1 36. Qxd6 Bg7 37. Rd2 Qc4 38. Bxe5 Bxg2 39. Qh6# 1-0

[Event "*** Titled Tuesday Blitz"]
[Site "Chess.com"]
[Date "2020.10.20"]
[Round "8"]
[White "infinitegiantkiller"]
[Black "Astaneh"]
[Result "1-0"]
[WhiteElo "2381"]
[BlackElo "2517"]
[TimeControl "180+1"]
[EndTime "11:36:49 PDT"]
[Termination "infinitegiantkiller won by resignation"]

1. d4 Nf6 2. c4 c5 3. d5 e6 4. Nc3 exd5 5. cxd5 d6 6. e4 a6 7. a4 g6 8. Nf3 Bg7 9. h3 O-O 10. Bd3 Re8 11. O-O Nbd7 12. a5 c4 13. Bc2 Nc5 14. Re1 Nfd7 15. Bf4 Ne5 16. Nxe5 Bxe5 17. Bxe5 Rxe5 18. f4 Re8 19. e5 Bd7 20. Qd4 Rc8 21. Na4 Bxa4 22. Bxa4 Nxa4 23. Rxa4 Rc5 24. Rxc4 Rxa5 25.
e6 fxe6 26. dxe6 Qe7 27. Qc3 Rc5 28. Rxc5 dxc5 29. Qe5 b5 30. f5 gxf5 31. Qxf5 Rf8 32. Qg4+ Kh8 33. Re5 Rg8 34. Qe4 c4 35. Rd5 Qa7+ 36.
Kh1 Qg7 37. Rd7 1-0

[Event "*** Titled Tuesday Blitz"]
[Site "Chess.com"]
[Date "2020.10.20"]
[Round "8"]
[White "ChronicUnhappiness"]
[Black "MVM2008"]
[Result "0-1"]
[WhiteElo "2260"]
[BlackElo "2156"]
[TimeControl "180+1"]
[EndTime "11:36:50 PDT"]
[Termination "MVM2008 won by resignation"]

1. c4 c6 2. Nf3 d5 3. e3 e6 4. Nc3 Nf6 5. b3 Bd6 6. Bb2 O-O 7. Qc2 a6 8. d4 Nbd7 9. Bd3 e5 10. cxd5 cxd5 11.
dxe5 Nxe5 12. Nxe5 Bxe5 13. f4 Bd6 14. O-O Qb6 15. Kh1 Qxe3 16. Rae1 Qc5 17. Qd2 b5 18. Ne2 Ng4 19. Nd4 Bd7 20. h3 Nf6 21. Bf5 Bxf5 22. Nxf5 Ne4 23. Qd3 Nf2+ 24. Rxf2 Qxf2 25. Rf1 Qxb2 26.
Nxd6 Rad8 27. Nf5 Qf6 28. Re1 Rfe8 29. Rxe8+ Rxe8 30. Qxd5 g6 31. Nh6+ Kg7 32. Ng4 Re1+ 33. Kh2 Qxf4+ 34. g3 Re2+ 35. Kh1 Qc1+ 0-1

[Event "*** Titled Tuesday Blitz"]
[Site "Chess.com"]
[Date "2020.10.20"]
[Round "8"]
[White "anon569"]
[Black "onetowin"]
[Result "1/2-1/2"]
[WhiteElo "2258"]
[BlackElo "2118"]
[TimeControl "180+1"]
[EndTime "11:36:50 PDT"]
[Termination "Game drawn by repetition"]

1. e4 c5 2. Nf3 e6 3. d4 cxd4 4.
Nxd4 Nc6 5. Nb5 Nf6 6. N1c3 a6 7.
Nd6+ Bxd6 8. Qxd6 Qe7 9. Qxe7+ Kxe7 10. Be3 b5 11. O-O-O d6 12. f3 Rd8 13. g4 b4 14.
Ne2 h6 15. h4 d5 16. g5 hxg5 17. hxg5 Ne8 18. Bc5+ Nd6 19. exd5 exd5 20. Nf4 Be6 21. Nxd5+ Bxd5 22. Rxd5 Ke6 23. Rd2 Nb7 24. Bh3+ f5 25.
Re1+ Kf7 26. Bxf5 Nxc5 27. Rde2 g6 28. Bg4 Rd6 29. Rh1 Kg7 30. f4 Rad8 31. Bf3 Nd4 32.
Re7+ Kf8 33. Rhh7 Nxf3 34. Rhf7+ Kg8 35. Rg7+ Kf8 36. Ref7+ Ke8 37. Re7+ Kf8 38. Ref7+ Ke8 39. Re7+ Kf8 1/2-1/2

[Event "*** Titled Tuesday Blitz"]
[Site "Chess.com"]
[Date "2020.10.20"]
[Round "8"]
[White "BocharovD"]
[Black "MITerryble"]
[Result "0-1"]
[WhiteElo "2797"]
[BlackElo "2901"]
[TimeControl "180+1"]
[EndTime "11:36:51 PDT"]
[Termination "MITerryble won by resignation"]

1. c4 e5 2. d3 Nc6 3. Nf3 f5 4.
g3 Nf6 5. Bg2 g6 6. O-O Bg7 7.
Nc3 O-O 8. Rb1 d6 9. b4 h6 10. b5 Ne7 11. c5 Be6 12. Ba3 Re8 13. Qa4 g5 14. Rfc1 Ng6 15. cxd6 cxd6 16. e4 f4 17. d4 g4 18. Nd2 exd4 19. Qxd4 Nd5 20. Qd3 Nxc3 21. Rxc3 f3 22. Bf1 Bxc3 23. Qxc3 Ne5 24.
Qd4 Qb6 25. Qb2 Rac8 26. Bb4 a5 27. Bc3 Qc5 28. Rc1 a4 29. Qa1 Qa3 30. Bb2 Qxa2 31. Rxc8 Rxc8 32. Bxe5 Qxa1 33. Bxa1 Rc2 0-1

[Event "*** Titled Tuesday Blitz"]
[Site "Chess.com"]
[Date "2020.10.20"]
[Round "8"]
[White "Savagelittlemole"]
[Black "PriSachu"]
[Result "1-0"]
[WhiteElo "2619"]
[BlackElo "2444"]
[TimeControl "180+1"]
[EndTime "11:36:52 PDT"]
[Termination "Savagelittlemole won by resignation"]

1. e4 e5 2. Nf3 Nc6 3. Bb5 a6 4.
Ba4 Nf6 5. O-O Bc5 6. c3 O-O 7. d4 Ba7 8. Re1 b5 9. Bc2 d6 10. h3 h6 11. a4 Bb7 12. Be3 exd4 13. Nxd4 Ne5 14. Nf5 Nc4 15. Bxa7 Rxa7 16. axb5 Re8 17. b3 Ne5 18. Nd2 Qa8 19. bxa6 Rxa6 20. Rxa6 Qxa6 21.
Qa1 Qb6 22. Qa4 Ra8 23. Qd4 Ra2 24. Rc1 Qxd4 25. cxd4 Nd3 26. Bxd3 Rxd2 27. Rxc7 Bxe4 28. Bxe4 Nxe4 29. f3 Nf6 30. Nxd6 Rxd4 31. Rc8+ Kh7 32. Nxf7 Nd5 33. Kf2 Rd2+ 34. Kg3 Ne3 35. Rh8+ Kg6 36. Ne5+ Kf5 37. f4 Ke4 38. Re8 Rxg2+ 39. Kh4 Nf5+ 40. Kh5 Kxf4 41. Nd3+ Kf3 42. Ne1+ Kf2 43. Nxg2 Kxg2 44. Kg6 1-0